 Dungeon Crawl Stone Soup version 0.20.2 (webtiles) character file.

1268 Alfie the Archer (level 8, -2/69 HPs)
             Began as a Minotaur Hunter on Mar 25, 2020.
             Slain by Alfie's ghost (13 damage)
             ... on level 6 of the Dungeon.
             The game lasted 00:20:20 (3871 turns).

Alfie the Archer (Minotaur Hunter)                  Turns: 3871, Time: 00:20:21

Health: -2/69      AC:  5    Str: 18    XL:     8   Next: 28%
Magic:  4/7        EV: 16    Int:  8    God:
Gold:   405        SH:  0    Dex: 12    Spells: 7/7 levels left

rFire    . . .     SeeInvis .   a - +2 shortbow
rCold    . . .     Gourm    .   (shield currently unavailable)
rNeg     . . .     Faith    +   c - +2 leather armour
rPois    .         Spirit   .   (helmet restricted)
rElec    .         Reflect  .   (no cloak)
rCorr    .         Harm     .   (no gloves)
MR       .....                  (no boots)
Stlth    +.........             s - amulet of faith
Regen    0.3/turn               p - +4 ring of evasion
MPRegen  0.1/turn               (no ring)

@: about to teleport
A: retaliatory headbutt, horns 2, talons 1, MP-powered wands
a: no special abilities


You were on level 6 of the Dungeon.
You were not hungry.

You visited 1 branch of the dungeon, and saw 6 of its levels.

You collected 405 gold pieces.

Inventory:

Hand Weapons
 a - a +2 shortbow (weapon)
 b - a +1 short sword
 l - a +1 antimagic short sword
 t - a +1 short sword of freezing
Missiles
 d - 12 arrows (quivered)
Armour
 c - a +2 leather armour (worn)
 v - a +0 cloak
Jewellery
 p - a +4 ring of evasion (left hand)
 s - an amulet of faith (around neck)
Wands
 q - a wand of enslavement (24/24)
 r - a wand of lightning (3/15)
Scrolls
 h - 7 scrolls of identify
 j - 2 scrolls of remove curse
 o - 2 scrolls of blinking
Potions
 g - a potion of resistance
 k - a potion of magic {unknown}
 m - a potion of cancellation {unknown}
 n - 2 potions of might
Comestibles
 f - 3 bread rations
 i - 3 royal jellies
 u - a meat ration


   Skills:
 + Level 5.6 Fighting
 + Level 3.0 Short Blades
 + Level 9.4 Bows
 + Level 3.4 Armour
 + Level 2.9 Dodging
 + Level 1.1 Stealth


You had 7 spell levels left.
You didn't know any spells.

Dungeon Overview and Level Annotations

Branches:
Dungeon (6/15)             Temple (0/1) D:5

Altars:
Gozag
Hepliaklqana
Kikubaaqudgha
Makhleb
Nemelex Xobeh
Ru
Vehumet
Xom
Zin
The Shining One

Annotations:
D:6 Alfie's ghost, novice MiHu


Innate Abilities, Weirdness & Mutations

You reflexively headbutt those who attack you in melee.
You have a pair of horns on your head.
You have sharp toenails.
You expend magic power (3 MP) to strengthen your wands.


Message History

Aim: Alfie's ghost (heavily damaged)
You shoot an arrow. The arrow hits Alfie's ghost.
Alfie's ghost is heavily damaged.
Alfie's ghost completely misses you.
Firing (i - inventory):
d - 13 arrows (quivered)
Press: ? - help, Shift-Dir - straight line, f/p - Alfie's ghost
Aim: Alfie's ghost (heavily damaged)
You shoot an arrow. The arrow hits Alfie's ghost!
Alfie's ghost is heavily damaged.
Alfie's ghost barely misses you.
As you read the scroll of teleportation, it crumbles to dust.
You feel strangely unstable. Alfie's ghost closely misses you.
You found a shaft!
Your surroundings seem slightly different.
There is a shaft here.
Alfie's ghost screams, "Zot is a myth, the ORB is a fable, you'll soon be a tale!"
The shaft crumbles and collapses.
As you read the scroll of teleportation, it crumbles to dust.
You feel strangely unstable. Alfie's ghost hits you!
You die...

#..............
#.#######.#....
####.########.....
#.......(.....(.##
#.##.#######....#
#.##.# #....#
#.##.# #......
#W##.# #..#.##
#@##.# #..#.#
#.##.# #....#
#.##.# #... #.#
#.# #.. ###


You could see Alfie's ghost.

Vanquished Creatures
  An orc warrior (D:6)
  A sky beast (D:3)
  A necrophage (D:5)
  The ghost of Alfie the Shooter, an amateur MiHu (D:5)
  A bullfrog (D:6)
  2 scorpions
  A centaur zombie (D:5)
  3 hounds
  4 orc priests
  A centaur skeleton (D:5)
  Jessica (D:3)
  An iguana (D:4)
  Terence (D:3)
  5 orc wizards
  4 gnolls (D:6)
  10 adders
  An ooze (D:4)
  An adder zombie (D:5)
  3 worms
  2 leopard geckos
  27 orcs
  A ball python (D:5)
  6 giant cockroaches
  4 goblins
  15 hobgoblins
  A jackal (D:1)
  2 quokkas
  A ball python skeleton (D:4)
  8 bats
  2 frilled lizards (D:4)
  10 kobolds
  A leopard gecko skeleton (D:4)
  9 rats
132 creatures vanquished.

Notes
Turn   | Place    | Note
-------+----------+-------------------------------------------
     0 | D:1      | Alfie the Minotaur Hunter began the quest for the Orb.
     0 | D:1      | Reached XP level 1. HP: 18/18 MP: 0/0
   316 | D:1      | Reached XP level 2. HP: 21/25 MP: 1/1
   476 | D:1      | Reached skill level 5 in Bows
   739 | D:2      | Reached XP level 3. HP: 30/30 MP: 2/2
   754 | D:2      | Reached skill level 1 in Stealth
   790 | D:2      | Reached skill level 1 in Armour
   801 | D:2      | Gained mutation: You expend magic power (3 MP) to strengthen your wands. [potion of mutation]
   801 | D:2      | Gained mutation: You have sharp toenails. [potion of mutation]
   820 | D:2      | Found an ancient bone altar of Kikubaaqudgha.
   995 | D:2      | Found a sacrificial altar of Ru.
  1019 | D:2      | Reached XP level 4. HP: 31/37 MP: 3/3
  1424 | D:3      | Reached skill level 1 in Short Blades
  1447 | D:3      | Noticed Terence
  1462 | D:3      | Killed Terence
  1517 | D:3      | Noticed a sky beast
  1603 | D:3      | Reached XP level 5. HP: 16/45 MP: 4/4
  1903 | D:3      | Killed a sky beast
  1903 | D:3      | Reached skill level 6 in Bows
  1967 | D:3      | Noticed Jessica
  1988 | D:3      | Killed Jessica
  1988 | D:3      | Reached XP level 6. HP: 24/52 MP: 5/5
  2116 | D:4      | Found a radiant altar of Vehumet.
  2126 | D:4      | Found a glowing golden altar of the Shining One.
  2126 | D:4      | Found a sacrificial altar of Ru.
  2127 | D:4      | Found a sparkling altar of Nemelex Xobeh.
  2196 | D:4      | Found a hazy altar of Hepliaklqana.
  2197 | D:4      | Found a shimmering altar of Xom.
  2197 | D:4      | Noticed a yak
  2453 | D:4      | Reached skill level 7 in Bows
  2490 | D:4      | Noticed a yak
  2490 | D:4      | Noticed a spectral ugly thing
  2529 | D:5      | Entered Level 5 of the Dungeon
  2537 | D:5      | Noticed Alfie's ghost (amateur MiHu)
  2556 | D:5      | Found a glowing silver altar of Zin.
  2659 | D:5      | Found an opulent altar of Gozag.
  2788 | D:5      | Reached XP level 7. HP: 59/59 MP: 6/6
  2934 | D:5      | Killed Alfie's ghost
  2934 | D:5      | Reached skill level 8 in Bows
  3161 | D:5      | Found a staircase to the Ecumenical Temple.
  3177 | D:5      | Reached skill level 5 in Fighting
  3479 | D:6      | Reached XP level 8. HP: 17/68 MP: 7/7
  3480 | D:6      | Reached skill level 9 in Bows
  3683 | D:6      | Found a burning altar of Makhleb.
  3816 | D:6      | Noticed Alfie's ghost (novice MiHu)
  3871 | D:6      | Slain by Alfie's ghost

Skill      XL: |  1  2  3  4  5  6  7  8 |
---------------+-------------------------+-----
Bows           | 5 6 7 8 9 |  9.4
Stealth        | 1 |  1.1
Armour         | 1 2 3 |  3.4
Fighting       | 3 4 5 |  5.6
Short Blades   | 1 2 3 |  3.0
Dodging        | |  2.9

Action                   |  1- 3 |  4- 6 |  7- 9 || total
-------------------------+-------+-------+-------++-------
Melee: Short sword       |    58 |    40 |    33 ||   131
       Headbutt          |     7 |     4 |     8 ||    19
       Kick              |       |    10 |     9 ||    19
       Shortbow          |       |     2 |       ||     2
 Fire: Shortbow          |    25 |   141 |   161 ||   327
  Use: Scroll            |     4 |     6 |     6 ||    16
       Potion            |     5 |     2 |     5 ||    12
  Eat: Bread ration      |       |     2 |       ||     2
Armor: Leather armour    |    30 |    20 |     9 ||    59
Dodge: Dodged            |    66 |    61 |    69 ||   196
